Map: King Sejong Station LE

Players

Cham

  • Race: Zerg Zerg

MarineLorD - Winner!

  • Race: Terran Terran

Event: 2016 WCS Summer Circuit Championship (DH Montreal)

VOD

Have the link to the VOD?

Description

Time

  • Played on: Aug. 12, 2016, 2:40 p.m.
  • Length: 8:04

All games in this series

Show
View Real Time Build Order
Export as new Build Order

Cham Zerg 

Build Orders: Hatch First 

Get SALT Encoding   

  12  0:00  Drone  
  13  0:08  Drone  
  14  0:17  Overlord  
  14  0:35  Drone x3  
  17  0:54  Hatchery  
  17  0:55  Drone  
  17  0:59  Drone  
  18  1:09  Extractor  
  17  1:13  Spawning Pool  
  17  1:17  Drone  
  17  1:21  Drone  
  18  1:30  Drone  
  19  1:40  Overlord  
  19  1:51  Drone  
  20  1:59  Queen  
  22  2:01  Zergling x2  
  22  2:06  Queen  
  22  2:07  Zergling x2  
  26  2:12  Zergling x2  
  27  2:23  Hatchery  
  26  2:35  Drone x2  
  28  2:38  Drone x2  
  30  2:47  Queen  
  32  2:51  Drone x2  
  32  2:53  Drone  
  32  2:55  Drone  
  35  3:16  Overlord  
  35  3:19  Overlord  
  35  3:25  Roach Warren  
  34  3:27  Drone  
  35  3:35  Drone x7  
  35  3:36  Drone  
  35  3:40  Extractor  
  42  3:42  Drone, Queen  
  45  3:49  Drone x2  
  45  3:50  Drone x3  
  45  3:55  Drone x2  
  52  3:58  Spore Crawler  
  51  4:03  Overlord  
  51  4:06  Roach x2  
  51  4:08  Roach  
  57  4:14  Overlord  
  57  4:15  Overlord  
  57  4:19  Overlord  
  57  4:24  Roach x2  
  61  4:26  Roach x2  
  65  4:33  Roach x2  
  65  4:34  Roach  
  65  4:36  Drone  
  72  4:41  Overlord  
  72  4:42  Drone  
  72  4:43  Drone  
  72  4:44  Drone  
  75  4:46  Overlord  
  75  4:47  Drone  
  75  4:50  Drone x2  
  78  4:56  Drone x2  
  78  4:57  Drone x3  
  83  5:02  Drone x2  
  83  5:03  Overlord  
  85  5:11  Lair  
  85  5:13  Overlord  
  85  5:15  Extractor x2  
  85  5:19  Drone  
  85  5:20  Drone x2  
  85  5:21  Drone x2  
  87  5:24  Overlord  
  87  5:25  Evolution Chamber, Roach  
  89  5:34  Queen  
  88  5:37  Roach x2  
  88  5:40  Roach  
  94  5:43  Overlord  
  94  5:49  Overlord  
  94  5:51  Roach, Spore Crawler  
  94  5:55  Zerg Missile Weapons Level 1, Overlord  
  94  5:57  Overlord  
  95  5:59  Roach x2  
  95  6:02  Overlord  
  95  6:03  Roach  
  95  6:04  Roach  
  103  6:05  Roach  
  103  6:08  Overlord  
  103  6:09  Glial Reconstitution  
  105  6:17  Drone x2  
  105  6:18  Extractor x2, Drone x2  
  105  6:19  Drone  
  105  6:21  Drone x3  
  105  6:22  Drone  
  105  6:25  Overlord  
  112  6:30  Roach x2  
  112  6:31  Roach  
  118  6:45  Roach x2  
  118  6:46  Roach x2  
  126  6:49  Roach x2  
  126  6:52  Hatchery  
  126  6:53  Overlord  
  129  6:55  Roach  
  129  6:57  Roach x2  
  129  6:59  Roach  
  129  7:01  Ravager x5  
  131  7:06  Roach  
  124  7:12  Roach x2  
  124  7:15  Roach  
  121  7:19  Roach  
  121  7:20  Roach  
  121  7:21  Roach x2  
  121  7:22  Roach x2  
  121  7:23  Roach  
  121  7:27  Roach  
  110  7:34  Roach x4  
  110  7:37  Roach  
  105  7:40  Roach x2  
  104  7:44  Roach  
Show
View Real Time Build Order
Export as new Build Order

MarineLorD Terran - Winner!

Build Orders: Reaper Expand, MMM Bio 

Get SALT Encoding   

  12  0:00  SCV  
  13  0:12  SCV  
  14  0:17  Supply Depot  
  14  0:25  SCV  
  15  0:38  SCV  
  15  0:39  Barracks  
  16  0:43  Refinery  
  16  0:50  SCV  
  17  1:02  SCV  
  18  1:14  SCV  
  19  1:26  Reaper  
  19  1:27  Orbital Command  
  20  1:39  Command Center  
  20  1:49  Barracks  
  20  1:54  SCV  
  21  1:58  Barracks Reactor  
  21  2:06  Supply Depot  
  21  2:07  SCV  
  22  2:13  Refinery  
  22  2:19  SCV  
  23  2:31  SCV  
  23  2:32  Factory  
  23  2:36  Marine x2  
  26  2:38  Barracks Tech Lab  
  26  2:43  SCV  
  27  2:52  Orbital Command  
  27  2:54  Marine  
  27  2:55  Marine, SCV  
  27  2:57  Marine  
  31  3:03  Stimpack  
  31  3:07  SCV  
  32  3:13  Marine x2  
  32  3:17  SCV  
  32  3:19  SCV  
  36  3:23  Marine  
  37  3:27  Factory Reactor, Starport  
  37  3:32  SCV x2  
  39  3:35  Marine x2  
  39  3:41  Marine  
  41  3:44  Supply Depot  
  41  3:46  SCV  
  41  3:48  Supply Depot  
  43  3:53  SCV  
  43  3:54  Marine x2  
  46  4:05  Supply Depot, Marine  
  46  4:06  SCV x2  
  49  4:12  Factory Tech Lab  
  49  4:14  Medivac x2  
  53  4:18  Marine x2, SCV x2  
  57  4:25  Refinery  
  57  4:27  Engineering Bay  
  57  4:28  Supply Depot  
  57  4:30  SCV  
  58  4:31  SCV  
  58  4:33  Widow Mine  
  58  4:36  Marine  
  58  4:38  Marine x2  
  62  4:45  Barracks, SCV  
  65  4:47  SCV  
  66  4:57  SCV  
  66  4:58  Supply Depot  
  66  4:59  SCV  
  68  5:02  Siege Tank  
  68  5:06  Supply Depot, Combat Shields  
  71  5:08  Terran Infantry Weapons Level 1  
  71  5:09  Marine x2  
  71  5:14  Marauder  
  74  5:24  Barracks  
  74  5:25  Barracks  
  74  5:27  Marine x2  
  76  5:32  SCV  
  76  5:34  Marine  
  76  5:41  Barracks Reactor  
  76  5:42  Siege Tank  
  79  5:45  Supply Depot  
  79  5:47  Supply Depot  
  79  5:48  Marine x2  
  81  5:50  Medivac  
  81  5:51  Medivac  
  81  5:53  SCV  
  81  5:54  SCV  
  87  5:59  Supply Depot  
  87  6:00  Supply Depot  
  87  6:01  Marauder  
  89  6:16  Siege Tank  
  89  6:17  Marine x4  
  97  6:20  Barracks Tech Lab  
  97  6:25  Concussive Shells  
  97  6:31  Refinery  
  97  6:32  SCV x2  
  99  6:33  Barracks Tech Lab  
  98  6:41  Command Center  
  98  6:43  Marine, Marauder  
  98  6:46  SCV  
  102  6:49  SCV  
  102  6:51  Siege Tank  
  110  6:54  Marine x2, Marauder x2  
  110  6:55  Marine  
  114  7:01  SCV  
  114  7:06  SCV  
  114  7:08  Medivac x2, Marine x2  
  117  7:15  Marauder  
  117  7:16  Marine, Marauder  
  112  7:22  SCV  
  112  7:27  Marauder  
  111  7:32  Marine x3  
  111  7:36  SCV  
  108  7:37  Marauder  
  108  7:38  SCV, Marauder  
  108  7:40  Marine  
  113  7:48  SCV  
Tags
 
Add a new tag
Caveats
  • Supply blocks, unpowered buildings, or Contaminate may cause inaccurate times.
  • Supply counts are checked every 10 seconds.